 Dungeon Crawl Stone Soup version 0.27.1-33-g824d729ab1 (webtiles) character file.

Game seed: 4634463989693580766

133 Gabide the Cudgeller (level 5, -5/41 HPs)
             Began as a Human Monk on Dec 3, 2021.
             Was a Believer of Wu Jian.
             Slain by Crazy Yiuf (6 damage)
             ... on level 2 of the Dungeon.
             The game lasted 00:05:12 (3100 turns).

Gabide the Cudgeller (Human Monk)                   Turns: 3100, Time: 00:05:13

Health: -5/41      AC:  3    Str: 11    XL:     5   Next: 39%
Magic:  5/5        EV: 13    Int: 10    God:    Wu Jian [**....]
Gold:   54         SH:  0    Dex: 17    Spells: 4/4 levels left

rFire    . . .     SeeInvis .   a - +1 mace
rCold    . . .     Faith    .   (no shield)
rNeg     . . .     Spirit   .   b - +1 robe
rPois    .         Reflect  .   (no helmet)
rElec    .         Harm     .   (no cloak)
rCorr    .         Rampage  .   (no gloves)
Will     .....                  (no boots)
Stlth    ++........             (no amulet)
HPRegen  0.13/turn              (no ring)
MPRegen  0.09/turn              (no ring)

@: exhausted, attractive
A: no striking features
a: Renounce Religion, Wall Jump


You were on level 2 of the Dungeon.
You worshipped Wu Jian.
Wu Jian was pleased with you.
You visited 1 branch of the dungeon, and saw 2 of its levels.

You collected 90 gold pieces.
You spent 36 gold pieces at shops.

Inventory:

Hand Weapons
 a - a +1 mace (weapon)
Armour
 b - a +1 robe (worn)
Jewellery
 f - a ring of wizardry
Wands
 m - a wand of digging (5)
Scrolls
 g - a scroll of teleportation
 h - a scroll of fear
Potions
 c - a potion of attraction
 e - a potion of heal wounds {unknown}
 i - a potion of brilliance {unknown}
 j - a potion of curing {unknown}
 l - a potion of invisibility {unknown}


   Skills:
 + Level 3.5 Fighting
 + Level 4.4 Maces & Flails
 + Level 3.6 Dodging
 + Level 2.7 Stealth


You had 4 spell levels left.
You didn't know any spells.
Your spell library contained the following spells:

 Spells                   Type           Power      Damage    Failure   Level
 Beastly Appendage        Tmut           0%         N/A       36%         1
 Static Discharge         Conj/Air       0%         N/A       50%         2
 Wereblood                Tmut           0%         N/A       50%         2
 Spider Form              Tmut/Pois      0%         N/A       75%         3
 Dispel Undead            Necr           0%         3d6       98%         4
 Leda's Liquefaction      Hex/Erth       0%         N/A       98%         4
 Sticky Flame             Conj/Fire      0%         2d3       98%         4
 Bolt of Magma            Conj/Fire/Erth 0%         4d4       100%        5
 Statue Form              Tmut/Erth      0%         N/A       100%        6


Dungeon Overview and Level Annotations

Branches:
Dungeon (2/15)

Altars:
Wu Jian

Shops:
D:1 !=?[*

Annotations:
D:2 Crazy Yiuf


Message History

You barely miss Crazy Yiuf.
Crazy Yiuf is lightly wounded.
Crazy Yiuf closely misses you.
Crazy Yiuf yells, "Goober tortoise unthinkable!"
Crazy Yiuf barely misses you.
Hit: a) +1 mace
Press: ? - help, Dir - move target, f - you
Okay, then.
Okay, then.
Okay, then.
As you read the scroll labelled OSUPRI JURANE, it crumbles to dust.
Wisps of shadow whirl around you...
It was a scroll of summoning.
Crazy Yiuf hits your rat with a +4 quarterstaff of chaos!!
Crazy Yiuf burns your rat.
Your rat dies!
Your rat's corpse dissolves into shadows!
You swap places.
Your supernatural speed expires.
You swap places.
As you read the scroll labelled ABBOORUORGH, it crumbles to dust.
You speak a Word of immense power!
It was a scroll of holy word.
Your bat hits Crazy Yiuf.
Your bat barely misses Crazy Yiuf.
Crazy Yiuf hits your bat with a +4 quarterstaff of chaos!
Your bat dies!
Your bat's corpse dissolves into shadows!
It was a potion of attraction.
You feel attractive to monsters.
Crazy Yiuf hits your frilled lizard with a +4 quarterstaff of chaos!
Crazy Yiuf freezes your frilled lizard.
Your frilled lizard dies!
Your frilled lizard's corpse dissolves into shadows!
Crazy Yiuf is pulled toward you!
Okay, then.
Aiming: Wall Jump
Press: ? - help, Dir - move target Crazy Yiuf says, "Crazy?
Crazy!?
PORCUPINE!"
It was a potion of magic.
Magic courses through your body.
Crazy Yiuf hits you with a +4 quarterstaff of chaos!
* * * LOW HITPOINT WARNING * * *
Crazy Yiuf burns you.
You die...

#.# #.# #.# #.# #.# #.#
#.# #.# #.# ##.##
#.#######...###
♣♣♣♣♣##.##....(.#....
###
♣♣♣.♣......#.####...###
#...#♣..♣.g@°...#.#
##.####
#...'.♣♣♣♣.°....#.#
#..... #)..#♣♣
♣♣....##.# ###### ###
♣♣##....# ######


You could see Crazy Yiuf.

Vanquished Creatures
  A water moccasin skeleton (D:2)
  Terence (D:2)
  2 worms
  A dart slug (D:1)
  8 ball pythons
  3 bats (D:2)
  5 endoplasms
  2 giant cockroaches
  4 goblins
  3 hobgoblins
  4 jackals (D:1)
  3 kobolds
  2 quokkas
  A frilled lizard (D:1)
  6 rats
46 creatures vanquished.

Vanquished Creatures (others)
  2 plants (D:1)
2 creatures vanquished.

Grand Total: 48 creatures vanquished

Notes
Turn   | Place    | Note
-------+----------+-------------------------------------------
     0 | D:1      | Gabide the Human Monk began the quest for the Orb.
     0 | D:1      | Reached XP level 1. HP: 18/18 MP: 1/1
   198 | D:1      | Reached XP level 2. HP: 13/24 MP: 2/2
   412 | D:1      | Found a faded altar of an unknown god.
   431 | D:1      | Became a worshipper of the Wu Jian Council
   431 | D:1      | Reached * piety under Wu Jian
   431 | D:1      | Reached ** piety under Wu Jian
   495 | D:1      | Found Xifiyr's Distillery.
   542 | D:1      | Found Maecwi Nustra's Armour Emporium.
   549 | D:1      | Found Faofoqyq's Magic Scroll Emporium.
   558 | D:1      | Bought a scroll of teleportation for 36 gold pieces
   581 | D:1      | Reached *** piety under Wu Jian
   715 | D:1      | Found Dezy's Assorted Antiques.
   721 | D:1      | Reached XP level 3. HP: 29/29 MP: 3/3
  1356 | D:1      | Found Ykha Vua's Jewellery Emporium.
  1966 | D:2      | Reached skill level 4 in Maces & Flails
  1966 | D:2      | Reached XP level 4. HP: 10/35 MP: 4/4
  2322 | D:2      | Noticed Terence
  2324 | D:2      | Reached XP level 5. HP: 41/41 MP: 5/5
  2342 | D:2      | Killed Terence
  2709 | D:2      | Found a runed translucent door.
  2710 | D:2      | Noticed Crazy Yiuf
  3100 | D:2      | HP: 1/41 [Crazy Yiuf (16)]
  3100 | D:2      | Slain by Crazy Yiuf

Illustrated notes

Levels and vault maps discovered:
D:1:      dpeg_arrival_brainrot, layout_basic, basic_ecumenical_altar,
          serial_shops, shop, nicolae_lakefront_shop, shop, nicolae_shop_trees,
          shop_fountains, chequers_big_river, minmay_close_crescents
D:2:      layout_loops_ring, minmay_unequal, uniq_crazy_yiuf_cottage,
          uniq_terence

Skill      XL: |  1  2  3 |
---------------+----------+-----
Maces & Flails | 4 |  4.4
Fighting       | |  3.5
Dodging        | |  3.6
Stealth        | |  2.7

Action                   |  1- 3 |  4- 6 || total
-------------------------+-------+-------++-------
Melee: Mace              |    99 |    66 ||   165
Invok: Lunge             |    11 |     5 ||    16
       Whirlwind         |     7 |       ||     7
       Serpent's Lash    |     2 |     2 ||     4
 Abil: Wall Jump         |       |     1 ||     1
  Use: Scroll            |       |     8 ||     8
       Potion            |       |     2 ||     2
 Stab: Distracted        |     1 |     1 ||     2
       Sleeping          |     3 |     3 ||     6
Armor: Robe              |    13 |    12 ||    25
Dodge: Dodged            |    66 |    48 ||   114
